 Dungeon Crawl Stone Soup version 0.30-a0-304-gdc4b735fe1 (webtiles) character file.

Game seed: 1042398308227613613

71 hikkokomori the Sneak (level 4, -5/21 HPs)
             Began as a Spriggan Enchanter on Oct 21, 2022.
             Slain by an orc priest
             ... wielding a +0 flail
              (8 damage)
             ... on level 3 of the Dungeon.
             The game lasted 00:05:20 (1603 turns).

hikkokomori the Sneak (Spriggan Enchanter)          Turns: 1603, Time: 00:05:21

Health: -5/21      AC:  3    Str:  4    XL:     4   Next: 5%
Magic:  10/10      EV: 18    Int: 16    God:
Gold:   103        SH:  0    Dex: 17    Spells: 7/9 levels left

rFire   . . .      SeeInvis +    e - +8 war axe "Embalmer" {pain, *Noise Drain rElec rC+++}
rCold   + + +      Faith    .    (no shield)
rNeg    . . .      Spirit   .    f - +1 robe {Will+}
rPois   .          Reflect  .    (helmet restricted)
rElec   +          Harm     .    (no cloak)
rCorr   .          Rampage  .    (gloves unavailable)
Will    +....                    (boots unavailable)
Stlth   +++.......               i - amulet of magic regeneration
HPRegen 0.23/turn                (no ring)
MPRegen 0.52/turn                (no ring)

@: very quick
A: very small, no large weapons, unfitting armour, see invisible, speed 3
a: no special abilities


You were on level 3 of the Dungeon.
You visited 1 branch of the dungeon, and saw 4 of its levels.

You collected 103 gold pieces.

Inventory:

Hand Weapons
 a - a +1 dagger
 e - the +8 war axe "Embalmer" (weapon) {pain, *Noise Drain rElec rC+++}
   (You found it on level 2 of the Dungeon)

   In the hands of one skilled in necromantic magic, it inflicts extra damage on
   living creatures.
   rC:        It renders you almost immune to cold.
   rElec:     It insulates you from electricity.
   *Noise:    It may make noises in combat.
   Drain:     It drains your maximum health when unequipped.
Armour
 b - a +0 robe
 f - a +1 robe of willpower (worn)
Jewellery
 h - an amulet of the acrobat
 i - an amulet of magic regeneration (around neck)
Scrolls
 d - 2 scrolls of magic mapping {unknown}
 g - 3 scrolls of identify {unknown}
 j - a scroll of amnesia {unknown}
 k - 2 scrolls of poison {unknown}
 l - a scroll of teleportation {unknown}
 m - a scroll of brand weapon {unknown}
 o - a scroll of noise {unknown}
 p - a scroll of fear {unknown}
 r - a scroll of immolation {unknown}
 s - a scroll of summoning {unknown}
Potions
 c - 2 potions of invisibility
 n - 2 potions of curing {unknown}
 q - a potion of lignification {unknown}


   Skills:
 + Level 2.0 Short Blades
 + Level 3.4 Dodging
 + Level 5.2 Stealth
 + Level 3.4 Spellcasting
 + Level 4.2 Hexes


You had 7 spell levels left.
You knew the following spells:

 Your Spells              Type           Power      Damage    Failure   Level
a - Ensorcelled Hibernat  Hex/Ice        18%        N/A       12%         2

Your spell library contained the following spells:

 Spells                   Type           Power      Damage    Failure   Level
 Confusing Touch          Hex            16%        N/A       10%         3
 Tukima's Dance           Hex            16%        N/A       10%         3
 Dazzling Flash           Conj/Hex       18%        N/A       22%         3


Dungeon Overview and Level Annotations

Branches:
Dungeon (4/15)
 Temple: D:4-7

Altars:
Sif Muna


Innate Abilities, Weirdness & Mutations

You are very small and have problems with some larger weapons.
You are too small for most types of armour.
You have supernaturally acute eyesight. (SInv)
You cover ground extremely quickly. (Speed+++)


Message History

There is a stone staircase leading down here.
You climb downwards.
The orc shouts! x2; You hear a shout!
Found a scroll labelled RERGHOOROEN.
Found a stone staircase leading down.
There is a stone staircase leading up here.
There are monsters nearby!
An orc is nearby!
An orc is nearby!
An orc comes into view. It is wielding a +0 club.
The orc priest shouts!
The orc priest misses you.
There is a stone staircase leading up here.
The hound barks!
You hit the orc priest.
The orc priest is moderately wounded.
The orc priest hits you with a +0 flail.
Unknown command.
The orc barely misses you.
You climb upwards.
There is a stone staircase leading down here.
You slash the orc priest!
The orc priest is severely wounded.
You closely miss the orc.
The orc priest looks braver for a moment.
The orc hits you but does no damage. The orc barely misses you.
The orc priest barely misses you.
Unknown command.
You closely miss the orc priest.
Your war axe "Embalmer" growls menacingly.
The orc priest is severely wounded.
You hit the orc.
The orc priest hits you with a +0 flail!
The orc hits you with a +0 short sword.
* * * LOW HITPOINT WARNING * * *
You closely miss the orc priest.
The orc priest is severely wounded.
You hit the orc.
You kill the orc!
The orc priest hits you with a +0 flail!
You die...

...#
###.............#....#
...###
#...............####
.....###.............###
...#......#..........#
...#####.............#
...######.##........##
..........#..........#
.....######....o.)...#
......# #.....@.[..#
......# #..........#
......# #..........#
......# ##.<......##
..^...# ##......##
.....## ######## ....##
#####


You could see an orc priest.

Vanquished Creatures
  Jessica (D:2)
  A dart slug (D:3)
  4 orcs (D:3)
  2 endoplasms
  4 giant cockroaches
  4 goblins
  4 hobgoblins
  5 jackals (D:1)
  A quokka (D:1)
  3 ball pythons
  A bat (D:2)
  2 frilled lizards
  3 kobolds (D:1)
  4 rats
39 creatures vanquished.

Notes
Turn   | Place    | Note
-------+----------+-------------------------------------------
     0 | D:1      | hikkokomori the Spriggan Enchanter began the quest for the
                  | Orb.
     0 | D:1      | Reached XP level 1. HP: 9/9 MP: 5/5
   183 | D:1      | You fall into a shaft and drop 1 floor!
   253 | D:2      | Identified the +8 war axe "Embalmer" {pain, *Noise Drain
                  | rElec rC+++}
   268 | D:2      | Reached XP level 2. HP: 13/13 MP: 6/6
   284 | D:2      | Noticed Jessica
   296 | D:2      | Killed Jessica
   297 | D:2      | Reached skill level 5 in Stealth
   297 | D:2      | Reached XP level 3. HP: 8/16 MP: 6/8
  1055 | D:1      | Learned a level 2 spell: Ensorcelled Hibernation
  1364 | D:3      | Reached XP level 4. HP: 21/21 MP: 10/10
  1382 | D:3      | Found a shimmering blue altar of Sif Muna.
  1603 | D:3      | Slain by an orc priest

Illustrated notes

Levels and vault maps discovered:
D:1:      dpeg_arrival_castle, layout_loops_ring
D:2:      layout_loops_ring, serial_glass, glass_columns_a, glass_columns_c,
          glass_columns_b, glass_columns_b, glass_columns_a, glass_columns_b,
          uniq_crazy_yiuf_cottage, uniq_terence, uniq_jessica
D:3:      layout_rooms, lemuel_tele_altar
D:4:      layout_rooms, makhleb_altar_promises_db,
          nicolae_kikubaaqudgha_miasma_corner, uniq_duvessa, uniq_ijyb

Skill      XL: |  1  2  3 |
---------------+----------+-----
Dodging        | 3 |  3.4
Stealth        | 5 |  5.2
Spellcasting   | 3 |  3.4
Hexes          | 4 |  4.2
Short Blades   | 2 |  2.0

Action                   |  1- 3 |  4- 6 || total
-------------------------+-------+-------++-------
Melee: Dagger            |    54 |       ||    54
       Punch             |     1 |       ||     1
       War axe           |    49 |     6 ||    55
 Stab: Sleeping          |     4 |       ||     4
Armor: Robe              |     8 |     1 ||     9
Dodge: Dodged            |   108 |     5 ||   113

Table legend: (Time is in decaauts)
 A = Elapsed time spent in this place.
 B = Non-inter-level travel time spent in this place.
 C = Inter-level travel time spent in this place.
 D = Time resting spent in this place.
 E = Time spent auto-exploring this place.
 F = Levels seen in this place.
 G = Mean time per level.
                   A        B        C        D        E       F      G
               +--------+--------+--------+--------+--------+-----+--------+
         Total |   1136 |   1086 |     50 |     35 |    718 |   4 |  284.0 |
       Dungeon |   1136 |   1086 |     50 |     35 |    718 |   4 |  284.0 |
               +--------+--------+--------+--------+--------+-----+--------+

Top non-repeatable levels by time:
     D:1: 601 daAuts
     D:3: 322 daAuts
     D:2: 202 daAuts
     D:4: 9 daAuts
